 Dungeon Crawl Stone Soup version 0.18.1-6-gd335043 (webtiles) character file.

58 Gottschkopf the Magician (level 3, 0/19 HPs)
             Began as a Deep Elf Conjurer on May 18, 2016.
             Killed from afar by an orc wizard (9 damage)
             ... with a puff of flame
             ... on level 3 of the Dungeon.
             The game lasted 00:02:53 (1657 turns).

Gottschkopf the Magician (Deep Elf Conjurer)        Turns: 1657, Time: 00:02:54

Health: 0/19       AC:  3    Str:  5    XL:     3   Next: 75%
Magic:  9/12       EV: 13    Int: 20    God:
Gold:   174        SH:  0    Dex: 15    Spells: 2 memorised, 10 levels left

rFire  . . .     SeeInvis .     e - +0 dagger
rCold  . . .     Gourm    .     a - +0 robe
rNeg   . . .     Faith    .     (no shield)
rPois  .         Spirit   .     f - +1 hat
rElec  .         Dismiss  .     (no cloak)
rCorr  .         Reflect  .     (no gloves)
SustAt .         Harm     .     (no boots)
MR     .....                    (no amulet)
Stlth  ++........               (no ring)
                                (no ring)

@: very slightly contaminated, not resistant to hostile enchantments, unstealthy
A: no striking features
a: no special abilities


You were on level 3 of the Dungeon.
You were not hungry.

You visited 1 branch of the dungeon, and saw 3 of its levels.

You collected 174 gold pieces.

Inventory:

Hand Weapons
 e - a +0 dagger (weapon)
Armour
 a - a +0 robe (worn)
 f - a +1 hat (worn)
Scrolls
 d - 3 scrolls of fear {unknown}
 g - 7 scrolls of identify {unknown}
 h - 2 scrolls of blinking {unknown}
 j - a scroll of teleportation {unknown}
 k - a scroll of noise {unknown}
 l - a scroll of magic mapping {unknown}
 q - a scroll of recharging {unknown}
Potions
 m - a potion of flight {unknown}
 n - a potion of agility {unknown}
 p - 2 potions of heal wounds {unknown}
 r - 2 potions of degeneration {unknown}
Books
 b - a book of Conjurations

   Spells                             Type                      Level
   a - Magic Dart                     Conjuration                  1
   b - Searing Ray                    Conjuration                  2
   c - Dazzling Spray                 Conjuration/Hexes            3
   d - Fulminant Prism                Conjuration/Hexes            4
   e - Iskenderun's Mystic Blast      Conjuration                  4
   f - Iskenderun's Battlesphere      Conjuration/Charms           5
Comestibles
 c - 2 bread rations
 i - a slice of pizza
 o - a chunk of flesh
 s - 4 fruits


   Skills:
 - Level 2.4 Dodging
 - Level 2.4 Stealth
 + Level 5.6 Spellcasting
 - Level 4.3 Conjurations


You had 10 spell levels left.
You knew the following spells:

 Your Spells              Type           Power        Failure   Level  Hunger
a - Magic Dart            Conj           ###.         1%          1    None
b - Searing Ray           Conj           ###...       2%          2    None


Dungeon Overview and Level Annotations

Branches:
Dungeon (3/15)

Altars:
Cheibriados
Elyvilon
Okawaru


Message History

You miscast Magic Dart.
You are very lightly contaminated with residual magic.
Your skin tingles.
The orc wizard gestures wildly while chanting.
The orc wizard flickers and vanishes!
Deactivating autopickup; reactivate with Ctrl-A.
An orc comes into view. It is wielding a flail.
Casting: Magic Dart
Confirm with . or Enter, or press ? or * to list all spells.
Aiming: Magic Dart
Press: ? - help, Shift-Dir - straight line, f - orc
Aim: an orc, wielding a flail (hasn't noticed you)
The magic dart hits the orc.
The orc is heavily wounded.
An orc comes into view.
An orc comes into view. It is wielding a flail.
The orc moves out of view.
A puff of flame appears from out of thin air!
The puff of flame hits you!
You die...

.<## #.... ....
############..# .
#.#####@...##...#....
..
#........o.#...>..#
...
#######...........#
....
#####.......#.....
##.............
.................
...###....$..#..#.
..o #.......## ... ##
#.......# ..


You could see an orc.

Vanquished Creatures
  2 adders (D:2)
  A worm (D:2)
  A dart slug (D:1)
  2 ball pythons (D:2)
  A bat (D:1)
  3 giant cockroaches
  4 goblins
  6 hobgoblins
  2 giant newts (D:2)
  6 kobolds
  6 rats
34 creatures vanquished.

Notes
Turn   | Place    | Note
--------------------------------------------------------------
     0 | D:1      | Gottschkopf the Deep Elf Conjurer began the quest for the Orb.
     0 | D:1      | Reached XP level 1. HP: 10/10 MP: 6/6
   481 | D:1      | Reached skill level 4 in Spellcasting
   481 | D:1      | Reached XP level 2. HP: 8/15 MP: 0/9
   902 | D:2      | Found a snail-covered altar of Cheibriados.
   921 | D:2      | Found an iron altar of Okawaru.
  1095 | D:2      | Found a snail-covered altar of Cheibriados.
  1123 | D:2      | Reached skill level 5 in Spellcasting
  1123 | D:2      | Reached XP level 3. HP: 19/19 MP: 7/11
  1129 | D:2      | Learned a level 2 spell: Searing Ray
  1401 | D:2      | Found a white marble altar of Elyvilon.
  1657 | D:3      | Killed from afar by an orc wizard

Skill      XL: |  1  2 |
---------------+-------+-----
Spellcasting   | 4 5 |  5.6
Dodging        | |  2.4
Stealth        | |  2.4
Conjurations   | |  4.3

Action                   || total
-------------------------++-------
 Cast: Magic Dart        ||    72
       Searing Ray       ||     1
  Eat: Chunk             ||     2
Armor: Robe              ||     1
Dodge: Dodged            ||     5
